 Dungeon Crawl Stone Soup version 0.31-a0-489-g282fc92437 (webtiles) character file.

Game seed: 16539883547183812695

394 Ethylacetat the Trooper (level 6, -10/33 HPs)
             Began as a Vine Stalker Monk on Aug 8, 2023.
             Mangled by Pikel
             ... wielding a +2 whip of electrocution
              (12 damage)
             ... on level 4 of the Dungeon.
             The game lasted 00:02:22 (2737 turns).

Ethylacetat the Trooper (Vine Stalker Monk)         Turns: 2737, Time: 00:02:24

Health: -10/33     AC:  5    Str: 14    XL:     6   Next: 82%
Magic:  0/11       EV: 11    Int: 10    God:
Gold:   225        SH:  0    Dex: 18    Spells: 11/11 levels left

rFire   . . .        m - +0 war axe
rCold   + + .        d - orb {light}
rNeg    . . .        k - +0 ring mail {rC+}
rPois   .            (no helmet)
rElec   .            (no cloak)
rCorr   .            (no gloves)
SInv    .            (no boots)
Will    .....        (no amulet)
Stlth   +            r - ring of protection from cold
HPRegen 1.05/turn    (no ring)
MPRegen 0.12/turn

%: guardian spirit
@: glowing
A: fangs 2, regeneration 1, magic shield, antimagic bite, no potion heal 2
a: no special abilities


You were on level 4 of the Dungeon.
You visited 1 branch of the dungeon, and saw 4 of its levels.

You collected 225 gold pieces.

Inventory:

Hand Weapons
 l - a +2 sling of flaming
 m - a +0 war axe (weapon)
Armour
 a - a +0 buckler
 d - an orb of light (worn)
 k - a +0 ring mail of cold resistance (worn)
Jewellery
 r - a ring of protection from cold (left hand)
Scrolls
 b - a scroll of noise {unknown}
 e - a scroll of vulnerability {unknown}
 f - 7 scrolls of identify {unknown}
 g - 2 scrolls of blinking {unknown}
 h - 2 scrolls of teleportation {unknown}
 j - 4 scrolls of immolation {unknown}
 o - a scroll of silence {unknown}
 q - a scroll of fog {unknown}
Potions
 c - a potion of ambrosia
 i - a potion of resistance {unknown}
 n - 3 potions of degeneration {unknown}
 p - a potion of curing {unknown}
 s - a potion of cancellation {unknown}


   Skills:
 + Level 4.2 Fighting
 + Level 4.2 Axes
 + Level 2.0 Ranged Weapons
 - Level 2.4 Dodging
 + Level 3.3 Spellcasting


You had 11 spell levels left.
You didn't know any spells.
Your spell library contained the following spells:

 Spells                   Type           Power      Damage    Failure   Level
 Shock                    Conj/Air       4%         1d3       50%         1
 Ignite Poison            Fire/Tmut/Pois 1%         N/A       86%         3
 Swiftness                Air            1%         N/A       86%         3
 Airstrike                Air            0%         2d(1-17)  99%         4
 Leda's Liquefaction      Hex/Erth       0%         N/A       99%         4
 Olgreb's Toxic Radiance  Pois           1%         N/A       99%         4
 Eringya's Noxious Bog    Tmut/Pois      0%         4d6       100%        6


Dungeon Overview and Level Annotations

Branches:
Dungeon (4/15)
 Temple: D:4-7

Altars:

Annotations:
D:4 Pikel


Innate Abilities, Weirdness & Mutations

You have extremely sharp teeth.
Your natural rate of healing is unusually fast.
When hurt, damage is shared between your health and your magic reserves.
Your bite disrupts and absorbs the magic of your enemies.
Potions cannot restore your health.


Message History

You shoot a sling bullet.
The sling bullet hits Pikel but does no damage.
Pikel is moderately wounded.
Pikel barely misses you.
Pikel hits you with a +2 whip of electrocution.
You are electrocuted!
You shoot a sling bullet. The sling bullet hits Pikel.
The sling bullet burns Pikel.
Pikel is moderately wounded.
Pikel barely misses you.
You shoot a sling bullet. The sling bullet barely misses Pikel.
The sling bullet hits the lemure.
The sling bullet burns the lemure.
The lemure is lightly wounded.
Pikel hits you with a +2 whip of electrocution!
Pikel says, "You'll feel the lick of my whip!"
Pikel misses you.
Your +2 sling of flaming stops flaming.
m - a +0 war axe (weapon)
You hit Pikel but do no damage. You bite Pikel, but do no damage.
Pikel is moderately wounded.
Pikel hits you with a +2 whip of electrocution!
Unknown command.
You hit Pikel. You bite Pikel. You drain his power.
You feel invigorated.
Pikel is heavily wounded.
Pikel barely misses you.
Pikel hits you with a +2 whip of electrocution!
* * * LOW HITPOINT WARNING * * *
Unknown command.
You hit Pikel but do no damage. You bite Pikel, but do no damage.
Pikel is heavily wounded.
Pikel hits you with a +2 whip of electrocution.
* * * LOW HITPOINT WARNING * * *
Unknown command.
You barely miss Pikel. You bite Pikel, but do no damage.
Pikel is heavily wounded.
Pikel says, "All the lords of Hell know my name!"
Pikel hits you with a +2 whip of electrocution!
* * * LOW HITPOINT WARNING * * *
You are electrocuted!
You die...

.........#
.........#
.........#
.........#
.........#
.##+###.##
.##..##'### ####.
..........#5.....
.........@K5J....
..........#5.....
..........# .....
.###.##..## .##.
#####..# ..#
#......# ...
#......#...
##..##.##.#
#..##.##.##


You could see Pikel, 3 lemures and a jelly.

Vanquished Creatures
  Sigmund (D:3)
  An ogre (D:4)
  A lemure (D:4)
  5 adders
  A worm (D:2)
  2 dart slugs (D:1)
  10 orcs (D:3)
  5 endoplasms
  3 giant cockroaches (D:1)
  10 goblins
  9 hobgoblins
  A jackal (D:2)
  7 kobolds
  3 quokkas
  6 ball pythons
  3 bats
  2 frilled lizards
  10 rats
80 creatures vanquished.

Notes
Turn   | Place    | Note
-------+----------+-------------------------------------------
     0 | D:1      | Ethylacetat the Vine Stalker Monk began the quest for the
                  | Orb.
     0 | D:1      | Reached XP level 1. HP: 11/11 MP: 2/2
   100 | D:1      | Reached XP level 2. HP: 10/16 MP: 3/3
   219 | D:1      | Reached skill level 1 in Spellcasting
   356 | D:1      | Got Ithruch's Tome of the Grey Adder
   586 | D:1      | Reached XP level 3. HP: 19/20 MP: 5/5
  1229 | D:2      | Gained mutation: Your natural rate of healing is unusually
                  | fast. [Vine Stalker growth]
  1229 | D:2      | Reached XP level 4. HP: 19/24 MP: 5/7
  2013 | D:3      | Noticed Sigmund
  2018 | D:3      | Killed Sigmund
  2019 | D:3      | Reached skill level 1 in Ranged Weapons
  2019 | D:3      | Reached XP level 5. HP: 29/29 MP: 8/10
  2019 | D:3      | Reached XP level 6. HP: 33/33 MP: 8/11
  2265 | D:3      | Identified the +9 trident of the Sage {pain, Str+5}
  2724 | D:4      | Noticed Pikel
  2737 | D:4      | Mangled by Pikel

Illustrated notes

Levels and vault maps discovered:
D:1:      dpeg_arrival_brainrot, layout_basic, st_stairs_2,
          minmay_rat_gold_closets
D:2:      layout_loops_ring, chequers_hall_statues_corner_a,
          minmay_joined_circles
D:3:      layout_basic, guppyfry_early_orc_mine, uniq_sigmund
D:4:      layout_gridville, overflow_temple_1_default,
          mainiacjoe_overflow_alcove_1, minmay_temple_entry_antechambers,
          uniq_crazy_yiuf_cottage, uniq_pikel

Skill      XL: |  1  2  3  4  5  6 |
---------------+-------------------+-----
Spellcasting   | 1 2 3 |  3.3
Axes           | 3 4 |  4.2
Fighting       | 3 4 |  4.2
Ranged Weapons | 1 2 |  2.0
Dodging        | |  2.4

Action                     |  1- 3 |  4- 6 || total
---------------------------+-------+-------++-------
  Melee: Hand axe          |    62 |    20 ||    82
         Bite              |    14 |    10 ||    24
         War axe           |       |     4 ||     4
   Fire: Sling             |       |   101 ||   101
 Armour: Robe              |    11 |       ||    11
         Ring mail         |     3 |    20 ||    23
  Dodge: Dodged            |    32 |    50 ||    82

Table legend: (Time is in decaauts)
 A = Elapsed time spent in this place.
 B = Non-inter-level travel time spent in this place.
 C = Inter-level travel time spent in this place.
 D = Time resting spent in this place.
 E = Time spent auto-exploring this place.
 F = Levels seen in this place.
 G = Mean time per level.
                   A        B        C        D        E       F      G
               +--------+--------+--------+--------+--------+-----+--------+
         Total |   2794 |   2761 |     33 |      0 |   2322 |   4 |  698.5 |
       Dungeon |   2794 |   2761 |     33 |      0 |   2322 |   4 |  698.5 |
               +--------+--------+--------+--------+--------+-----+--------+

Top non-repeatable levels by time:
     D:1: 981 daAuts
     D:3: 875 daAuts
     D:2: 824 daAuts
     D:4: 112 daAuts
